 Dungeon Crawl Stone Soup version 0.29.0-4-gdea44cf6ec (webtiles) character file.

Game seed: 14894752829259536262

15870 qw the Brawler (level 12, -3/118 HPs)
             Began as a Troll Cinder Acolyte on Sept 3, 2022.
             Was a Priest of Ignis.
             Slain by an ettin
             ... wielding a +0 dire flail
              (32 damage)
             ... on level 11 of the Dungeon.
             The game lasted 00:05:59 (8830 turns).

qw the Brawler (Troll Cinder Acolyte)               Turns: 8830, Time: 00:06:00

Health: -3/118     AC: 21    Str: 29    XL:     12   Next: 5%
Magic:  12/12      EV: 10    Int: 10    God:    Ignis [***...]
Gold:   649        SH:  5    Dex: 10    Spells: 13/13 levels left

rFire   + . .      SeeInvis .     - Unarmed
rCold   . . .      Faith    .   (no shield)
rNeg    . . .      Spirit   .   i - +3 steam dragon scales
rPois   .          Reflect  +   (helmet restricted)
rElec   .          Harm     .   (no cloak)
rCorr   .          Rampage  .   (gloves unavailable)
Will    .....                   (boots unavailable)
Stlth   +.........              c - amulet "Bailurisi" {Reflect Regen+ Dex+5 SH+5}
HPRegen 1.89/turn               n - +4 ring of protection
MPRegen 0.13/turn               j - +4 ring of slaying {mikee}

@: fiery-armoured
A: large, unfitting armour, claws 3, regeneration 1, shaggy fur 1, tough skin 1
a: Renounce Religion, Fiery Armour, Foxfire Swarm, Rising Flame


You were on level 11 of the Dungeon.
You worshipped Ignis.
Ignis was most pleased with you.
You visited 1 branch of the dungeon, and saw 11 of its levels.

You collected 649 gold pieces.


Innate Abilities, Weirdness & Mutations

You are too large for most types of armour.
You have claws for hands.
Your natural rate of healing is unusually fast.
You are covered in fur. (AC +1)
You have tough skin. (AC +1)


   Skills:
 - Level 7.0 Fighting
 + Level 6.4 Throwing
 - Level 2.0 Armour
 - Level 3.2 Dodging
 - Level 16.0 Unarmed Combat
 - Level 1.0 Spellcasting
 - Level 2.1 Fire Magic


You had 13 spell levels left.
You didn't know any spells.
Your spell library contained the following spells:

 Spells                   Type           Power      Damage    Failure   Level
 Scorch                   Fire           8%         2d5       22%         2

Inventory:

Missiles
 e - 7 large rocks (quivered)
Armour
 i - +3 steam dragon scales (worn)
Jewellery
 c - the amulet "Bailurisi" (around neck) {Reflect Regen+ Dex+5 SH+5}
   (You found it on level 2 of the Dungeon)

   [amulet of reflection]

   It reflects blocked missile attacks.
   Dex:       It affects your dexterity (+5).
   Regen:     It increases your rate of health regeneration.
   SH:        It affects your SH (+5).
 j - a +4 ring of slaying (right claw) {mikee}
 k - a ring of protection from fire
 n - a +4 ring of protection (left claw)
Scrolls
 a - 2 scrolls of teleportation
 h - 5 scrolls of identify
 l - a scroll of immolation {unknown}
Potions
 b - a potion of cancellation
 d - a potion of resistance
 f - a potion of curing
 g - 2 potions of mutation
 m - 2 potions of haste

Dungeon Overview and Level Annotations

Branches:
Dungeon (11/15)            Temple (0/1) D:5            Lair (0/5) D:11
    Orc (0/2) D:10

Altars:
Ashenzari
Cheibriados
Dithmenos
Elyvilon
Fedhas
Gozag
Kikubaaqudgha
Okawaru
Qazlal
Ru
The Shining One

Shops:
D:2 [

Annotations:
D:9 2 transporters
D:11 3 runed translucent doors


Message History

The centaur warrior is burned by your cloak of flames.
The centaur warrior is lightly wounded.
The ettin barely misses you. The ettin closely misses you.
You mangle the centaur warrior!! Your claw misses the centaur warrior.
The centaur warrior is severely wounded.
The centaur warrior hits you but does no damage.
The centaur warrior is burned by your cloak of flames.
The centaur warrior is severely wounded.
The centaur warrior closely misses you. The ettin barely misses you.
The ettin hits you with a +0 dire flail!!
You claw the centaur warrior! Your claw misses the centaur warrior.
The centaur warrior is almost dead.
You block the centaur warrior's attack.
The centaur warrior kicks you but does no damage.
The centaur warrior is burned by your cloak of flames.
The centaur warrior is almost dead.
You mangle the centaur warrior!!
You kill the centaur warrior!
The ettin hits you with a +0 dire flail!!
The ettin closely misses you.
Your Fighting skill increases to level 7!
You have reached level 12!
You feel stronger.
You barely miss the ettin.
The ettin hits you with a +0 dire flail!
The ettin hits you with a +0 dire flail!!
You scratch the ettin. You claw the ettin, but do no damage.
The ettin is lightly wounded.
The ettin hits you but does no damage.
The ettin is burned by your cloak of flames.
The ettin is lightly wounded.
The ettin hits you with a +0 dire flail!
You claw the ettin! x2
The ettin is heavily wounded.
You claw the ettin!
The ettin is heavily wounded.
The ettin hits you with a +0 dire flail!
The ettin is burned by your cloak of flames.
The ettin is severely wounded.
The ettin hits you with a +0 dire flail!!
You die...

#.......#.#.#.#...#####.........
#.......###.######)...#.........
#.........#|#)....#####.........
#.....#############......#+#####
#.#####....}#)#..........+.....#
#.#....######.###........#.....#
#.#####...#.# #.#.............).
#)[.#..####.# #)###.............
#...###.#...# #@#.#...........~.
#...)..##...##C#.#.......~....~~
#............#.#)#.......~~~.~.~
#.......>....#.###.........~~~~%
#............#.#:..........~~~~~
#............###.........~~~~.~.
#.........................~~~...
#...############....##+#..~~.~.>
#...# ........#....# ~.~~~...


You could see an ettin.

Vanquished Creatures
  A fire giant (D:11)
  3 centaur warriors (D:11)
  A two-headed ogre (D:11)
  A tengu warrior (D:11)
  A flayed ghost (D:11)
  A deep elf archer (D:11)
  2 cyclopes
  Joseph (D:10)
  An unseen horror (D:11)
  A kobold demonologist (D:9)
  2 trolls (D:11)
  2 water elementals (D:11)
  4 hogs (D:10)
  3 wraiths
  2 wyverns
  A steam dragon (D:7)
  9 yaks
  A human (D:10)
  4 vampire mosquitoes (D:11)
  An acid dragon (D:11)
  2 water moccasins
  7 orc warriors
  A sky beast (D:7)
  An ice beast (D:6)
  2 black bears
  3 ogres
  A wolf (D:11)
  3 centaurs
  2 kobold brigands
  5 bullfrogs
  A necrophage (D:6)
  A gnoll sergeant (D:8)
  5 scorpions
  10 wights (D:8)
  11 killer bees
  5 electric eels
  2 vampire bats (D:9)
  10 hounds
  4 jellies
  10 orc priests
  5 iguanas
  11 orc wizards
  A mummy (D:6)
  3 gnolls (D:8)
  7 adders
  4 white imps
  An ufetubus (D:4)
  4 worms
  3 dart slugs
  50 orcs
  5 ball pythons
  3 bat skeletons (D:9)
  3 bat zombies (D:9)
  2 endoplasms
  5 giant cockroaches
  6 goblins
  11 hobgoblins
  11 jackals
  23 kobolds
  3 quokkas
  5 bats
  2 frilled lizards (D:1)
  2 hobgoblin zombies (D:6)
  2 kobold zombies (D:6)
  6 rats
306 creatures vanquished.

Vanquished Creatures (others)
  9 plants (D:3)
9 creatures vanquished.

Grand Total: 315 creatures vanquished

Notes
Turn   | Place    | Note
-------+----------+-------------------------------------------
     0 | D:1      | qw the Troll Cinder Acolyte began the quest for the Orb.
     0 | D:1      | Reached XP level 1. HP: 22/22 MP: 1/1
     0 | D:1      | 0 ||| qw: Version: 0.1-a-102-g441f92d
     0 | D:1      | 0 ||| qw: Game counter: 5155
     0 | D:1      | 0 ||| qw: Always use a shield: true
     0 | D:1      | 0 ||| qw: God list: Okawaru
     0 | D:1      | 0 ||| qw: Allow faded altars: false
     0 | D:1      | 0 ||| qw: Do Orc after D:15 true
     0 | D:1      | 0 ||| qw: Do second Lair branch before Depths: true
     0 | D:1      | 0 ||| qw: Lair rune preference: random
     0 | D:1      | 0 ||| qw: Plans: Normal
     0 | D:1      | 0 ||| PLANNING D:1-11
    12 | D:1      | 12 ||| Stepping ~*~*~tactically~*~*~ (outnumbered).
    13 | D:1      | 13 ||| Stepping ~*~*~tactically~*~*~ (hiding).
    74 | D:1      | Reached XP level 2. HP: 29/29 MP: 2/2
   228 | D:1      | 228 ||| Stepping ~*~*~tactically~*~*~ (stealth).
   231 | D:1      | 231 ||| Stepping ~*~*~tactically~*~*~ (stealth).
   233 | D:1      | 233 ||| Stepping ~*~*~tactically~*~*~ (hiding).
   302 | D:1      | Reached skill level 4 in Unarmed Combat
   313 | D:1      | 313 ||| Stepping ~*~*~tactically~*~*~ (stealth).
   314 | D:1      | 314 ||| Stepping ~*~*~tactically~*~*~ (stealth).
   315 | D:1      | 315 ||| Stepping ~*~*~tactically~*~*~ (stealth).
   416 | D:1      | Found a faded altar of an unknown god.
   702 | D:1      | Reached XP level 3. HP: 36/36 MP: 3/3
   780 | D:1      | 780 ||| READING scroll labelled BUR GENKAREST.
   781 | D:1      | 781 ||| READING 2 scrolls labelled YCUETR FUPPINN.
   782 | D:1      | 782 ||| READING scroll labelled ULUANW GUFEAD.
   783 | D:1      | 783 ||| READING scroll labelled ZESASY QILIA.
   787 | D:1      | 787 ||| DROPPING scroll of fear.
   823 | D:2      | Identified the amulet "Bailurisi" {Reflect Regen+ Dex+5
                  | SH+5}
   847 | D:2      | 847 ||| Stepping ~*~*~tactically~*~*~ (stealth).
   848 | D:2      | 848 ||| Stepping ~*~*~tactically~*~*~ (stealth).
  1260 | D:2      | 1260 ||| Stepping ~*~*~tactically~*~*~ (stealth).
  1326 | D:2      | 1326 ||| Stepping ~*~*~tactically~*~*~ (stealth).
  1342 | D:2      | 1342 ||| Stepping ~*~*~tactically~*~*~ (stealth).
  1371 | D:2      | Reached XP level 4. HP: 41/44 MP: 4/4
  1431 | D:2      | Found Adiss's Antique Armour Shoppe.
  1442 | D:2      | 1442 ||| SHOPLISTING runed orb (252 gold, have 155).
  1442 | D:2      | 1442 ||| SHOPLISTING shiny storm dragon scales (1743 gold,
                  | have 155).
  1474 | D:2      | Reached skill level 5 in Unarmed Combat
  1682 | D:2      | 1682 ||| UPGRADING to amulet "Bailurisi" {Reflect Regen+
                  | Dex+5 SH+5}.
  1687 | D:2      | 1687 ||| READING 2 scrolls labelled NYKO PISIUMEK.
  1688 | D:2      | 1688 ||| READING 2 scrolls labelled TIUTEFOFUJ.
  1689 | D:2      | 1689 ||| READING scroll labelled GYFYOSCHOOFIA.
  1701 | D:2      | 1701 ||| READING scroll labelled QOLUCA GELIR.
  1702 | D:2      | 1702 ||| READING scroll labelled UXUPYM MEPE.
  1703 | D:2      | 1703 ||| READING scroll labelled WECOWN BILI.
  1704 | D:2      | 1704 ||| DROPPING scroll of poison.
  1761 | D:3      | You fall into a shaft and drop 2 floors!
  1761 | D:5      | Entered Level 5 of the Dungeon
  1829 | D:3      | 1829 ||| Stepping ~*~*~tactically~*~*~ (stealth).
  1832 | D:3      | Found a white marble altar of Elyvilon.
  1890 | D:3      | Noticed an ogre
  1897 | D:3      | Killed an ogre
  1898 | D:3      | Reached XP level 5. HP: 50/50 MP: 5/5
  1909 | D:3      | 1909 ||| Stepping ~*~*~tactically~*~*~ (stealth).
  1911 | D:3      | 1911 ||| Stepping ~*~*~tactically~*~*~ (stealth).
  1915 | D:3      | 1915 ||| Stepping ~*~*~tactically~*~*~ (stealth).
  1918 | D:3      | 1918 ||| Stepping ~*~*~tactically~*~*~ (stealth).
  1927 | D:3      | 1927 ||| Stepping ~*~*~tactically~*~*~ (stealth).
  1975 | D:3      | 1975 ||| Stepping ~*~*~tactically~*~*~ (hiding).
  2008 | D:3      | 2008 ||| Stepping ~*~*~tactically~*~*~ (stealth).
  2017 | D:3      | 2017 ||| Stepping ~*~*~tactically~*~*~ (stealth).
  2112 | D:3      | Found an iron altar of Okawaru.
  2759 | D:3      | 2759 ||| DROPPING amulet of guardian spirit.
  2760 | D:3      | 2760 ||| DRINKING 3 puce potions.
  2845 | D:4      | Reached skill level 6 in Unarmed Combat
  2845 | D:4      | Reached XP level 6. HP: 39/59 MP: 6/6
  2860 | D:4      | 2860 ||| Stepping ~*~*~tactically~*~*~ (stealth).
  2872 | D:4      | 2872 ||| Stepping ~*~*~tactically~*~*~ (stealth).
  2907 | D:4      | 2907 ||| Stepping ~*~*~tactically~*~*~ (stealth).
  3281 | D:4      | 3281 ||| Stepping ~*~*~tactically~*~*~ (stealth).
  3329 | D:4      | Reached skill level 7 in Unarmed Combat
  3436 | D:4      | 3436 ||| UPGRADING to +4 ring of protection.
  3437 | D:4      | 3437 ||| READING scroll labelled PUALEN WONKAA.
  3538 | D:4      | 3538 ||| READING 3 scrolls of identify.
  3538 | D:4      | 3538 ||| IDENTIFYING fizzy purple potion
  3539 | D:4      | 3539 ||| READING 2 scrolls of identify.
  3539 | D:4      | 3539 ||| IDENTIFYING white potion
  3540 | D:4      | 3540 ||| DROPPING potion of berserk rage.
  3552 | D:5      | Found a staircase to the Ecumenical Temple.
  3572 | D:5      | Reached XP level 7. HP: 48/66 MP: 7/7
  3601 | D:5      | 3601 ||| Stepping ~*~*~tactically~*~*~ (hiding).
  3602 | D:5      | 3602 ||| Stepping ~*~*~tactically~*~*~ (hiding).
  3603 | D:5      | 3603 ||| Stepping ~*~*~tactically~*~*~ (hiding).
  3605 | D:5      | 3605 ||| Stepping ~*~*~tactically~*~*~ (hiding).
  3668 | D:5      | 3668 ||| Stepping ~*~*~tactically~*~*~ (stealth).
  3729 | D:5      | 3729 ||| Stepping ~*~*~tactically~*~*~ (stealth).
  3741 | D:5      | Found a shadowy altar of Dithmenos.
  3742 | D:5      | 3742 ||| READING 2 scrolls of teleportation.
  3743 | D:5      | 3743 ||| FLEEEEING.
  3744 | D:5      | 3744 ||| FLEEEEING.
  3745 | D:5      | 3745 ||| FLEEEEING.
  3825 | D:5      | Noticed a water elemental
  3827 | D:5      | Found a stormy altar of Qazlal.
  3829 | D:5      | Noticed an air elemental
  3830 | D:5      | Noticed a fire elemental
  3849 | D:5      | Reached skill level 8 in Unarmed Combat
  3882 | D:5      | Reached skill level 3 in Fighting
  3991 | D:5      | 3991 ||| Stepping ~*~*~tactically~*~*~ (outnumbered).
  3992 | D:5      | 3992 ||| Stepping ~*~*~tactically~*~*~ (outnumbered).
  3993 | D:5      | 3993 ||| Stepping ~*~*~tactically~*~*~ (outnumbered).
  3996 | D:5      | Reached skill level 9 in Unarmed Combat
  3996 | D:5      | Reached XP level 8. HP: 75/75 MP: 8/8
  4063 | D:5      | Found a broken altar of Ashenzari.
  4279 | D:5      | 4279 ||| DRINKING 2 viscous inky potions.
  4329 | D:5      | 4329 ||| READING 4 scrolls of identify.
  4329 | D:5      | 4329 ||| IDENTIFYING inky potion
  4330 | D:5      | 4330 ||| READING 3 scrolls of identify.
  4330 | D:5      | 4330 ||| IDENTIFYING glowing dark potion
  4331 | D:5      | 4331 ||| READING 2 scrolls of identify.
  4331 | D:5      | 4331 ||| IDENTIFYING grey potion
  4332 | D:5      | 4332 ||| DROPPING potion of invisibility.
  4333 | D:5      | 4333 ||| DROPPING potion of lignification.
  4368 | D:6      | 4368 ||| STAIRDANCE
  4384 | D:6      | Found an opulent altar of Gozag.
  4408 | D:6      | 4408 ||| Stepping ~*~*~tactically~*~*~ (hiding).
  4417 | D:6      | 4417 ||| Stepping ~*~*~tactically~*~*~ (outnumbered).
  4418 | D:6      | 4418 ||| Stepping ~*~*~tactically~*~*~ (outnumbered).
  4419 | D:6      | 4419 ||| Stepping ~*~*~tactically~*~*~ (outnumbered).
  4427 | D:6      | 4427 ||| Stepping ~*~*~tactically~*~*~ (outnumbered).
  4428 | D:6      | 4428 ||| Stepping ~*~*~tactically~*~*~ (outnumbered).
  4433 | D:6      | 4433 ||| Stepping ~*~*~tactically~*~*~ (outnumbered).
  4435 | D:6      | 4435 ||| Stepping ~*~*~tactically~*~*~ (outnumbered).
  4436 | D:6      | 4436 ||| Stepping ~*~*~tactically~*~*~ (outnumbered).
  4437 | D:6      | 4437 ||| Stepping ~*~*~tactically~*~*~ (outnumbered).
  4603 | D:6      | Reached skill level 10 in Unarmed Combat
  4680 | D:6      | 4680 ||| Stepping ~*~*~tactically~*~*~ (stealth).
  4838 | D:6      | 4838 ||| READING 2 scrolls of identify.
  4838 | D:6      | 4838 ||| IDENTIFYING coppery potion
  4839 | D:6      | 4839 ||| READING scroll of teleportation.
  4840 | D:6      | 4840 ||| FLEEEEING.
  4841 | D:6      | 4841 ||| FLEEEEING.
  4842 | D:6      | 4842 ||| FLEEEEING.
  4923 | D:6      | Found a snail-covered altar of Cheibriados.
  5121 | D:7      | 5121 ||| STAIRDANCE
  5128 | D:7      | 5128 ||| STAIRDANCE
  5145 | D:7      | 5145 ||| Stepping ~*~*~tactically~*~*~ (stealth).
  5146 | D:7      | 5146 ||| Stepping ~*~*~tactically~*~*~ (stealth).
  5153 | D:7      | 5153 ||| Stepping ~*~*~tactically~*~*~ (hiding).
  5164 | D:7      | 5164 ||| Stepping ~*~*~tactically~*~*~ (stealth).
  5176 | D:7      | 5176 ||| Stepping ~*~*~tactically~*~*~ (stealth).
  5183 | D:7      | 5183 ||| INVOKING Fiery Armour.
  5186 | D:7      | 5186 ||| Stepping ~*~*~tactically~*~*~ (outnumbered).
  5189 | D:7      | 5189 ||| Stepping ~*~*~tactically~*~*~ (outnumbered).
  5192 | D:7      | 5192 ||| Stepping ~*~*~tactically~*~*~ (outnumbered).
  5196 | D:7      | 5196 ||| Stepping ~*~*~tactically~*~*~ (stealth).
  5203 | D:7      | 5203 ||| Stepping ~*~*~tactically~*~*~ (stealth).
  5208 | D:7      | 5208 ||| Stepping ~*~*~tactically~*~*~ (outnumbered).
  5222 | D:7      | 5222 ||| Stepping ~*~*~tactically~*~*~ (stealth).
  5223 | D:7      | 5223 ||| Stepping ~*~*~tactically~*~*~ (stealth).
  5229 | D:7      | 5229 ||| FLEEEEING.
  5230 | D:7      | 5230 ||| FLEEEEING.
  5231 | D:7      | 5231 ||| FLEEEEING.
  5234 | D:7      | 5234 ||| FLEEEEING.
  5235 | D:7      | 5235 ||| FLEEEEING.
  5236 | D:7      | 5236 ||| STAIRDANCE
  5339 | D:7      | Noticed a cyclops
  5340 | D:7      | 5340 ||| STAIRDANCE
  5348 | D:6      | Killed a cyclops
  5349 | D:6      | Reached skill level 11 in Unarmed Combat
  5349 | D:6      | Reached XP level 9. HP: 65/84 MP: 9/9
  5366 | D:7      | 5366 ||| STAIRDANCE
  5379 | D:6      | Reached skill level 1 in Throwing
  5385 | D:7      | 5385 ||| STAIRDANCE
  5395 | D:7      | 5395 ||| INVOKING Fiery Armour.
  5406 | D:7      | Reached skill level 3 in Throwing
  5695 | D:7      | Identified the +3 leather armour "Zonemot" {Harm Will+}
  5823 | D:7      | 5823 ||| UPGRADING to +0 steam dragon scales.
  5833 | D:7      | 5833 ||| DROPPING +0 robe.
  5834 | D:7      | 5834 ||| READING 3 scrolls of enchant armour.
  5834 | D:7      | 5834 ||| ENCHANTING +0 steam dragon scales.
  5835 | D:7      | 5835 ||| READING 2 scrolls of enchant armour.
  5835 | D:7      | 5835 ||| ENCHANTING +1 steam dragon scales.
  5836 | D:7      | 5836 ||| READING scroll of enchant armour.
  5836 | D:7      | 5836 ||| ENCHANTING +2 steam dragon scales.
  5837 | D:7      | 5837 ||| READING scroll labelled TOMAJIZ UDE.
  5847 | D:8      | 5847 ||| STAIRDANCE
  5854 | D:8      | 5854 ||| STAIRDANCE
  5857 | D:7      | Reached skill level 1 in Armour
  5888 | D:8      | 5888 ||| STAIRDANCE
  5989 | D:8      | 5989 ||| Stepping ~*~*~tactically~*~*~ (outnumbered).
  5991 | D:8      | 5991 ||| Stepping ~*~*~tactically~*~*~ (outnumbered).
  5993 | D:8      | 5993 ||| Stepping ~*~*~tactically~*~*~ (outnumbered).
  5994 | D:8      | 5994 ||| Stepping ~*~*~tactically~*~*~ (outnumbered).
  5995 | D:8      | 5995 ||| Stepping ~*~*~tactically~*~*~ (outnumbered).
  5996 | D:8      | 5996 ||| Stepping ~*~*~tactically~*~*~ (outnumbered).
  6000 | D:8      | 6000 ||| Stepping ~*~*~tactically~*~*~ (outnumbered).
  6143 | D:8      | Reached skill level 12 in Unarmed Combat
  6144 | D:8      | 6144 ||| Stepping ~*~*~tactically~*~*~ (outnumbered).
  6145 | D:8      | 6145 ||| Stepping ~*~*~tactically~*~*~ (outnumbered).
  6146 | D:8      | 6146 ||| Stepping ~*~*~tactically~*~*~ (outnumbered).
  6147 | D:8      | 6147 ||| Stepping ~*~*~tactically~*~*~ (outnumbered).
  6148 | D:8      | 6148 ||| Stepping ~*~*~tactically~*~*~ (outnumbered).
  6149 | D:8      | 6149 ||| Stepping ~*~*~tactically~*~*~ (outnumbered).
  6150 | D:8      | 6150 ||| Stepping ~*~*~tactically~*~*~ (outnumbered).
  6151 | D:8      | 6151 ||| Stepping ~*~*~tactically~*~*~ (outnumbered).
  6152 | D:8      | 6152 ||| Stepping ~*~*~tactically~*~*~ (outnumbered).
  6189 | D:8      | 6189 ||| Stepping ~*~*~tactically~*~*~ (hiding).
  6194 | D:8      | 6194 ||| Stepping ~*~*~tactically~*~*~ (stealth).
  6241 | D:8      | 6241 ||| Stepping ~*~*~tactically~*~*~ (hiding).
  6261 | D:8      | Found a sacrificial altar of Ru.
  6399 | D:8      | 6399 ||| UPGRADING to +4 ring of slaying {mikee}.
  6400 | D:8      | 6400 ||| READING 5 scrolls of identify.
  6400 | D:8      | 6400 ||| IDENTIFYING fuming sapphire potion
  6401 | D:8      | 6401 ||| DROPPING potion of brilliance.
  6414 | D:9      | 6414 ||| STAIRDANCE
  6419 | D:9      | 6419 ||| STAIRDANCE
  6421 | D:8      | 6421 ||| Stepping ~*~*~tactically~*~*~ (outnumbered).
  6422 | D:8      | 6422 ||| Stepping ~*~*~tactically~*~*~ (outnumbered).
  6423 | D:8      | 6423 ||| Stepping ~*~*~tactically~*~*~ (outnumbered).
  6424 | D:8      | 6424 ||| Stepping ~*~*~tactically~*~*~ (outnumbered).
  6427 | D:8      | 6427 ||| Stepping ~*~*~tactically~*~*~ (outnumbered).
  6428 | D:8      | 6428 ||| Stepping ~*~*~tactically~*~*~ (outnumbered).
  6429 | D:8      | 6429 ||| Stepping ~*~*~tactically~*~*~ (outnumbered).
  6430 | D:8      | 6430 ||| Stepping ~*~*~tactically~*~*~ (outnumbered).
  6432 | D:8      | 6432 ||| Stepping ~*~*~tactically~*~*~ (outnumbered).
  6433 | D:8      | 6433 ||| Stepping ~*~*~tactically~*~*~ (outnumbered).
  6434 | D:8      | 6434 ||| Stepping ~*~*~tactically~*~*~ (outnumbered).
  6435 | D:8      | 6435 ||| Stepping ~*~*~tactically~*~*~ (outnumbered).
  6436 | D:8      | 6436 ||| Stepping ~*~*~tactically~*~*~ (outnumbered).
  6437 | D:8      | 6437 ||| Stepping ~*~*~tactically~*~*~ (outnumbered).
  6499 | D:9      | Reached XP level 10. HP: 95/96 MP: 10/10
  6505 | D:9      | 6505 ||| Stepping ~*~*~tactically~*~*~ (stealth).
  6507 | D:9      | 6507 ||| Stepping ~*~*~tactically~*~*~ (hiding).
  6762 | D:9      | Found a blossoming altar of Fedhas.
  6790 | D:9      | 6790 ||| Stepping ~*~*~tactically~*~*~ (stealth).
  6792 | D:9      | 6792 ||| Stepping ~*~*~tactically~*~*~ (stealth).
  6798 | D:9      | 6798 ||| Stepping ~*~*~tactically~*~*~ (stealth).
  6808 | D:9      | Noticed a smoke demon
  6899 | D:9      | Found a transporter.
  6902 | D:9      | Found a transporter.
  6934 | D:9      | 6934 ||| Stepping ~*~*~tactically~*~*~ (outnumbered).
  6935 | D:9      | 6935 ||| Stepping ~*~*~tactically~*~*~ (outnumbered).
  6936 | D:9      | 6936 ||| Stepping ~*~*~tactically~*~*~ (outnumbered).
  6937 | D:9      | 6937 ||| Stepping ~*~*~tactically~*~*~ (outnumbered).
  6938 | D:9      | 6938 ||| Stepping ~*~*~tactically~*~*~ (outnumbered).
  6939 | D:9      | 6939 ||| Stepping ~*~*~tactically~*~*~ (outnumbered).
  6945 | D:9      | Reached skill level 13 in Unarmed Combat
  6971 | D:9      | 6971 ||| Stepping ~*~*~tactically~*~*~ (stealth).
  6974 | D:9      | 6974 ||| Stepping ~*~*~tactically~*~*~ (stealth).
  6975 | D:9      | 6975 ||| Stepping ~*~*~tactically~*~*~ (stealth).
  6977 | D:9      | 6977 ||| Stepping ~*~*~tactically~*~*~ (stealth).
  6979 | D:9      | 6979 ||| Stepping ~*~*~tactically~*~*~ (outnumbered).
  6988 | D:9      | Found an ancient bone altar of Kikubaaqudgha.
  7100 | D:9      | Found a glowing golden altar of the Shining One.
  7216 | D:9      | 7216 ||| READING 2 scrolls labelled ZIMITW QOAKUIDA.
  7217 | D:9      | 7217 ||| DROPPING scroll of noise.
  7267 | D:10     | Entered Level 10 of the Dungeon
  7319 | D:10     | 7319 ||| Stepping ~*~*~tactically~*~*~ (stealth).
  7375 | D:10     | Reached skill level 14 in Unarmed Combat
  7516 | D:10     | 7516 ||| INVOKING Fiery Armour.
  7523 | D:10     | 7523 ||| Stepping ~*~*~tactically~*~*~ (outnumbered).
  7638 | D:10     | 7638 ||| FLEEEEING.
  7682 | D:10     | 7682 ||| INVOKING Fiery Armour.
  7687 | D:10     | 7687 ||| Stepping ~*~*~tactically~*~*~ (stealth).
  7691 | D:10     | 7691 ||| Stepping ~*~*~tactically~*~*~ (outnumbered).
  7692 | D:10     | 7692 ||| Stepping ~*~*~tactically~*~*~ (outnumbered).
  7693 | D:10     | 7693 ||| Stepping ~*~*~tactically~*~*~ (outnumbered).
  7695 | D:10     | Reached skill level 6 in Fighting
  7697 | D:10     | 7697 ||| Stepping ~*~*~tactically~*~*~ (outnumbered).
  7718 | D:10     | 7718 ||| FLEEEEING.
  7719 | D:10     | 7719 ||| FLEEEEING.
  7720 | D:10     | 7720 ||| FLEEEEING.
  7721 | D:10     | 7721 ||| FLEEEEING.
  7793 | D:10     | Found a staircase to the Orcish Mines.
  7815 | D:10     | 7815 ||| FLEEEEING.
  7816 | D:10     | 7816 ||| FLEEEEING.
  7851 | D:10     | Noticed Joseph
  7862 | D:10     | Killed Joseph
  7863 | D:10     | Reached skill level 3 in Dodging
  7923 | D:10     | 7923 ||| READING 6 scrolls of identify.
  7923 | D:10     | 7923 ||| IDENTIFYING fuming puce potion
  7924 | D:10     | 7924 ||| DROPPING potion of degeneration.
  7955 | D:11     | 7955 ||| Stepping ~*~*~tactically~*~*~ (outnumbered).
  7956 | D:11     | 7956 ||| Stepping ~*~*~tactically~*~*~ (outnumbered).
  7957 | D:11     | 7957 ||| Stepping ~*~*~tactically~*~*~ (outnumbered).
  7958 | D:11     | 7958 ||| Stepping ~*~*~tactically~*~*~ (outnumbered).
  7959 | D:11     | 7959 ||| Stepping ~*~*~tactically~*~*~ (outnumbered).
  7960 | D:11     | 7960 ||| STAIRDANCE
  7962 | D:10     | 7962 ||| Stepping ~*~*~tactically~*~*~ (outnumbered).
  7963 | D:10     | 7963 ||| Stepping ~*~*~tactically~*~*~ (outnumbered).
  7967 | D:10     | Reached XP level 11. HP: 91/105 MP: 11/11
  7979 | D:11     | 7979 ||| STAIRDANCE
  7984 | D:11     | 7984 ||| STAIRDANCE
  8027 | D:11     | 8027 ||| Stepping ~*~*~tactically~*~*~ (stealth).
  8032 | D:11     | Found a runed translucent gate.
  8032 | D:11     | Found a runed translucent gate.
  8032 | D:11     | Found a runed translucent gate.
  8046 | D:11     | 8046 ||| Stepping ~*~*~tactically~*~*~ (stealth).
  8048 | D:11     | 8048 ||| Stepping ~*~*~tactically~*~*~ (stealth).
  8083 | D:11     | 8083 ||| Stepping ~*~*~tactically~*~*~ (hiding).
  8085 | D:11     | 8085 ||| Stepping ~*~*~tactically~*~*~ (hiding).
  8088 | D:11     | 8088 ||| Stepping ~*~*~tactically~*~*~ (stealth).
  8093 | D:11     | 8093 ||| Stepping ~*~*~tactically~*~*~ (stealth).
  8110 | D:11     | 8110 ||| Stepping ~*~*~tactically~*~*~ (stealth).
  8126 | D:11     | 8126 ||| INVOKING Fiery Armour.
  8151 | D:11     | Found a staircase to the Lair.
  8196 | D:11     | Noticed a tengu warrior
  8201 | D:11     | Killed a tengu warrior
  8202 | D:11     | Reached skill level 6 in Throwing
  8204 | D:11     | Noticed a deep elf archer
  8210 | D:11     | 8210 ||| DRINKING 2 potions of curing.
  8210 | D:11     | 8210 ||| (to cure confusion)
  8214 | D:11     | Identified the +9 short sword of Strategic Superiority
                  | {flame, Str+2}
  8215 | D:11     | 8215 ||| Stepping ~*~*~tactically~*~*~ (hiding).
  8221 | D:11     | Killed a deep elf archer
  8355 | D:11     | Noticed a centaur warrior
  8358 | D:11     | Killed a centaur warrior
  8359 | D:11     | Reached skill level 15 in Unarmed Combat
  8359 | D:11     | 8359 ||| FLEEEEING.
  8361 | D:11     | 8361 ||| FLEEEEING.
  8362 | D:11     | 8362 ||| FLEEEEING.
  8363 | D:11     | 8363 ||| FLEEEEING.
  8364 | D:11     | 8364 ||| FLEEEEING.
  8365 | D:11     | 8365 ||| FLEEEEING.
  8378 | D:11     | 8378 ||| FLEEEEING.
  8379 | D:11     | 8379 ||| FLEEEEING.
  8380 | D:11     | 8380 ||| FLEEEEING.
  8381 | D:11     | 8381 ||| FLEEEEING.
  8382 | D:11     | 8382 ||| FLEEEEING.
  8479 | D:11     | Noticed a flayed ghost
  8487 | D:11     | 8487 ||| INVOKING Fiery Armour.
  8491 | D:11     | Killed a flayed ghost
  8493 | D:11     | 8493 ||| FLEEEEING.
  8494 | D:11     | 8494 ||| FLEEEEING.
  8495 | D:11     | 8495 ||| FLEEEEING.
  8496 | D:11     | 8496 ||| FLEEEEING.
  8496 | D:11     | Noticed a centaur warrior
  8497 | D:11     | 8497 ||| Stepping ~*~*~tactically~*~*~ (hiding).
  8503 | D:11     | Killed a centaur warrior
  8524 | D:11     | Noticed a fire giant
  8525 | D:11     | 8525 ||| Stepping ~*~*~tactically~*~*~ (stealth).
  8533 | D:11     | Killed a fire giant
  8534 | D:11     | Reached skill level 16 in Unarmed Combat
  8623 | D:11     | 8623 ||| Stepping ~*~*~tactically~*~*~ (stealth).
  8675 | D:11     | Noticed a two-headed ogre
  8682 | D:11     | Killed a two-headed ogre
  8820 | D:11     | Noticed a centaur warrior
  8822 | D:11     | Noticed an ettin
  8823 | D:11     | 8823 ||| INVOKING Fiery Armour.
  8826 | D:11     | Killed a centaur warrior
  8827 | D:11     | Reached XP level 12. HP: 74/118 MP: 12/12
  8830 | D:11     | HP: 29/118 [ettin/+0 dire flail (7)]
  8830 | D:11     | Slain by an ettin

Levels and vault maps discovered:
D:1:      lightli_arrival_maybe_door_vault, layout_loops_ring,
          shapermc_ecumenical_altar_hornbeckon, dreamdust_wishing_well
D:2:      layout_basic, serial_shops, shop_fountains, st_stairs_5,
          nicolae_underground_beach
D:3:      layout_basic, mainiacjoe_overflow_cross_hatched, okawaru_trees_2,
          minmay_starry_boxes
D:4:      layout_gridville
D:5:      layout_loops_cross, mainiacjoe_overflow_catwalk,
          nicolae_qazlal_style_of_elements, kennysheep_little_box,
          minmay_temple_entry_mini_moons, serial_glass, glass_columns_b,
          glass_columns_a, glass_columns_c, glass_columns_a
D:6:      layout_loops_cross, mainiacjoe_overflow_chevrons,
          mainiacjoe_overflow_small_starburst, minmay_mini_ossuary
D:7:      layout_rooms
D:8:      layout_rooms, nicolae_ru_sacrificial_ziggurat,
          chequers_serial_rivers_small_b
D:9:      gammafunk_jiyva_shrine, layout_irregular_city, amcnicky_altar_gilded,
          kennysheep_vampire_church, lemuel_doored_altar, kennysheep_nondescript
D:10:     layout_roguey, erik_orc_2, grunt_livestock, uniq_joseph
D:11:     minmay_chopped_fan, layout_irregular_city, erik_lair_island,
          gammafunk_ghost_icy

Skill      XL: |  1  2  3  4  5  6  7  8  9 10 11 |
---------------+----------------------------------+-----
Unarmed Combat | 4 5 6 7 9 11 12 14 16 | 16.0
Dodging        | 2 3 |  3.2
Fighting       | 3 4 5 6 7 |  7.0
Throwing       | 4 5 6 |  6.4
Armour         | 1 2 |  2.0
Spellcasting   | |  1.0
Fire Magic     | |  2.1

Action                   |  1- 3 |  4- 6 |  7- 9 | 10-12 || total
-------------------------+-------+-------+-------+-------++-------
Melee: Unarmed           |   133 |   122 |   269 |   243 ||   767
       Punch             |     1 |     3 |    12 |    14 ||    30
Throw: Boomerang         |       |    15 |       |     4 ||    19
       Large rock        |       |       |    17 |    39 ||    56
Invok: Fiery Armour      |       |       |     2 |     5 ||     7
  Use: Scroll            |     4 |     9 |    11 |     2 ||    26
       Potion            |       |     1 |     1 |     1 ||     3
Armor: Robe              |    48 |    16 |    53 |       ||   117
       Steam dragon scal |       |       |    44 |    94 ||   138
Dodge: Dodged            |    53 |    30 |   130 |    79 ||   292
Block: Other             |       |    13 |    50 |    41 ||   104
       Reflection        |       |       |     1 |     1 ||     2

Table legend:
 A = Non-vault XP
 B = Vault XP
 C = Vault XP percentage of total XP
 D = Non-vault monster count
 E = Vault monster count
 F = Vault count percentage of total count
                 A         B        C        D         E       F
            +---------+---------+-------+---------+---------+-------
      Total |   12810 |    9862 |  43.5 |     246 |      60 |  19.6
            +---------+---------+-------+---------+---------+-------
        D:1 |      41 |       0 |   0.0 |      22 |       0 |   0.0
        D:2 |      49 |      17 |  25.8 |      18 |       3 |  14.3
        D:3 |     183 |      19 |   9.4 |      23 |       3 |  11.5
        D:4 |     336 |       0 |   0.0 |      17 |       0 |   0.0
        D:5 |    1016 |       0 |   0.0 |      26 |       0 |   0.0
        D:6 |    1409 |      22 |   1.5 |      18 |       5 |  21.7
        D:7 |    1128 |       0 |   0.0 |      26 |       0 |   0.0
        D:8 |    1260 |       0 |   0.0 |      34 |       0 |   0.0
        D:9 |    2230 |     119 |   5.1 |      23 |       8 |  25.8
       D:10 |    1751 |    2006 |  53.4 |      16 |      24 |  60.0
       D:11 |    3407 |    7679 |  69.3 |      23 |      17 |  42.5
            +---------+---------+-------+---------+---------+-------
